 Dungeon Crawl Stone Soup version 0.20-a0-1058-g0491fde (webtiles) character file.

30 Alarkh the Insei (level 3, 11/26 HPs)
             Began as a Demonspawn Transmuter on Apr 26, 2017.
             Got out of the dungeon alive.
             The game lasted 00:00:47 (1501 turns).

Alarkh the Insei (Demonspawn Transmuter)            Turns: 1501, Time: 00:00:48

Health: 11/26      AC:  2    Str: 10    XL:     3   Next: 5%
Magic:  6/6        EV: 12    Int: 15    God:
Gold:   138        SH:  0    Dex: 13    Spells: 5/6 levels left

rFire    + . .     SeeInvis .     - Unarmed
rCold    . . .     Gourm    .   (no shield)
rNeg     . . .     Faith    .   b - +0 robe
rPois    .         Spirit   .   (no helmet)
rElec    .         Reflect  .   (no cloak)
rCorr    .         Harm     .   (no gloves)
MR       .....                  (no boots)
Stlth    +.........             (no amulet)
Regen    0.1/turn               (no ring)
MPRegen  0.1/turn               (no ring)

@: no status effects
A: fire resistance 1, spiny 1
a: no special abilities


You escaped.
You were not hungry.

You visited 1 branch of the dungeon, and saw 2 of its levels.

You collected 138 gold pieces.

Inventory:

Missiles
 a - 12 arrows
Armour
 b - a +0 robe (worn)
Scrolls
 e - a scroll of remove curse {unknown}
 i - a scroll of enchant armour {unknown}
Potions
 f - a potion of curing {unknown}
 j - a potion of brilliance {unknown}
Books
 c - a book of Changes

   Spells                             Type                      Level
   a - Beastly Appendage              Transmutation                1
   b - Sticks to Snakes               Transmutation                2
   c - Spider Form                    Transmutation/Poison         3
   d - Ice Form                       Ice/Transmutation            4
   e - Blade Hands                    Transmutation                5
Comestibles
 d - a bread ration
 g - a meat ration
 h - a royal jelly


   Skills:
 + Level 1.5 Fighting
 + Level 2.1 Dodging
 * Level 3.3 Unarmed Combat
 - Level 2.0 Spellcasting
 - Level 1.7 Transmutations


You had 5 spell levels left.
You knew the following spells:

 Your Spells              Type           Power        Failure   Level  Hunger
a - Beastly Appendage     Tmut           #.....       11%         1    #......


Dungeon Overview and Level Annotations

Branches:
Dungeon (2/15)

Altars:


Innate Abilities, Weirdness & Mutations

Your flesh is heat resistant. (rF+)
You are partially covered in sharp spines.


Message History

You feel sick.
Your talons disappear.
You feel sick.
You feel sick.
You are no longer poisoned.
Magic restored.
There is an open door here.
A ball python comes into view.
The ball python hisses angrily.
You see here a chain mail.
You are too injured to fight recklessly!
You hit the ball python.
You kill the ball python!
You see here a ball python corpse.
(D) Dungeon
Where to? (Enter - D:1 @ (x,y), ? - help)
There is an open door here.
There is a staircase leading out of the dungeon here.
Are you sure you want to leave the Dungeon?
This will make you lose the game!
You have escaped!

.#.#####.#######.#.#..#.........#
.........# #.........####.###
.#.###'### ###'#.........[...
##.# #.#.#♣♣♣♣♣#.#.##.#######.###
#.###.............##.# #....#
#...#..♣..♣.♣..♣..##.# #....#
####.#≈#♣♣..≈..♣♣#≈##.# #....#
...#.#≈#P♣.≈≈≈.♣P#≈#..# #....###
##.#.#≈#>..≈8≈..@#≈#..####.......
.#.#.#≈#P♣.≈≈≈.♣P#≈#.............
.#.#.#≈#♣♣..≈..♣♣#≈#..###....#.##
.#.#.#..♣..♣.♣..♣..#..# #....#.#
..)..#.............#..# #....#.##
...#.#.#.#♣♣♣♣♣#.#.#..###....#...
...#.#+#### ######'#......#######
>#........# #...........#........
..........# ###.#.#.#.#.#...####.


There were no monsters in sight!

Vanquished Creatures
  An adder (D:1)
  A leopard gecko (D:1)
  2 ball pythons (D:1)
  2 giant cockroaches (D:1)
  5 goblins (D:1)
  A hobgoblin (D:1)
  2 kobolds (D:1)
  A bat (D:1)
  3 frilled lizards (D:1)
  A rat (D:1)
19 creatures vanquished.

Notes
Turn   | Place    | Note
-------+----------+-------------------------------------------
     0 | D:1      | Alarkh the Demonspawn Transmuter began the quest for the Orb.
     0 | D:1      | Reached XP level 1. HP: 15/15 MP: 3/3
   253 | D:1      | Reached skill level 3 in Unarmed Combat
   431 | D:1      | Gained mutation: Your flesh is heat resistant. (rF+) [demonic ancestry]
   431 | D:1      | Reached XP level 2. HP: 21/21 MP: 5/5
  1450 | D:1      | Gained mutation: You are partially covered in sharp spines. [demonic ancestry]
  1450 | D:1      | Reached XP level 3. HP: 12/26 MP: 4/6
  1501 | D:$      | Got out of the dungeon alive.

Vault maps used:
D:1:      tarquinn_simple_flora_water_b
D:2:      first_bread, uniq_jessica

Skill      XL: |  1  2 |
---------------+-------+-----
Unarmed Combat | 3 |  3.3
Dodging        | 2 |  2.1
Fighting       | |  1.5
Spellcasting   | |  2.0
Transmutations | |  1.7

Action                   || total
-------------------------++-------
Melee: Unarmed           ||    93
       Kick              ||     1
       Punch             ||     1
 Cast: Beastly Appendage ||     3
  Eat: Chunk             ||     2
Armor: Robe              ||    11
Dodge: Dodged            ||    56
